 Dungeon Crawl Stone Soup version 0.20.0-9-g8272e65 (webtiles) character file.

7847 Deathclocker the Carver (level 11, -2/84 HPs)
             Began as a Minotaur Fighter on June 3, 2017.
             Was a High Priest of Okawaru.
             Slain by an orc warrior
             ... wielding a +0 glaive
              (27 damage)
             ... in a bailey.
             The game lasted 00:15:46 (6761 turns).

Deathclocker the Carver (Minotaur Fighter)          Turns: 6761, Time: 00:15:47

Health: -2/84      AC: 18    Str: 24    XL:     11   Next: 2%
Magic:  10/10      EV:  8    Int:  5    God:    Okawaru [*****.]
Gold:   474        SH: 13    Dex: 18    Spells: 10/10 levels left

rFire    . . .     SeeInvis .   z - +0 scimitar
rCold    . . .     Gourm    .   c - +0 shield
rNeg     + . .     Faith    .   D - +0 plate armour
rPois    .         Spirit   .   (helmet restricted)
rElec    .         Reflect  .   (no cloak)
rCorr    .         Harm     .   j - +0 pair of gloves
MR       .....                  S - +0 pair of boots of the Hidden Vale {Dex+4} (curse)
Stlth    ..........             (no amulet)
Regen    0.3/turn               k - +4 ring of dexterity
MPRegen  0.2/turn               B - ring of positive energy

@: no status effects
A: retaliatory headbutt, beak, horns 2, talons 1, yellow scales 1, frail 1,
MP-powered wands
a: Heroism, Finesse, Renounce Religion


You were in a bailey.
You worshipped Okawaru.
Okawaru was extremely pleased with you.
You were not hungry.

You visited 2 branches of the dungeon, and saw 10 of its levels.
You also visited: Bailey.

You collected 570 gold pieces.
You spent 96 gold pieces at shops.

Inventory:

Hand Weapons
 a - a +0 long sword
 z - a +0 scimitar (weapon)
Armour
 c - a +0 shield (worn)
 j - a +0 pair of gloves (worn)
 D - a +0 plate armour (worn)
 S - the cursed +0 pair of boots of the Hidden Vale (worn) {Dex+4}
   (You found it in a bailey)

   It affects your dexterity (+4).
   It has a curse placed upon it.
Jewellery
 k - a +4 ring of dexterity (left hand)
 r - an uncursed ring of stealth
 B - a ring of positive energy (right hand)
 H - an uncursed ring of magical power
 O - an uncursed ring of flight
Wands
 x - a wand of random effects (14/48)
 G - a wand of flame (29/48)
 L - a wand of disintegration (10/24)
 M - a wand of lightning (6/15)
 N - a wand of iceblast (9/15)
Scrolls
 l - 5 scrolls of remove curse
 m - a scroll of blinking {unknown}
 n - 8 scrolls of identify
 s - 2 scrolls of magic mapping
 v - 4 scrolls of teleportation
 F - a scroll of amnesia {unknown}
 K - a scroll of immolation {unknown}
 Q - a scroll of acquirement {unknown}
Potions
 d - 2 potions of might
 g - 8 potions of curing {unknown}
 h - 3 potions of degeneration {unknown}
 i - 2 potions of lignification {unknown}
 o - 2 potions of agility {unknown}
 q - 2 potions of heal wounds {unknown}
 t - a potion of flight {unknown}
 u - 2 potions of magic {unknown}
 E - a potion of haste {unknown}
Books
 A - a book of Callings

   Spells                             Type                      Level
   a - Summon Small Mammal            Summoning                    1
   b - Call Imp                       Summoning                    2
   c - Call Canine Familiar           Summoning                    3
   d - Summon Guardian Golem          Hexes/Summoning              3
   e - Summon Lightning Spire         Summoning/Air                4
   f - Summon Ice Beast               Ice/Summoning                4
 C - a book of Frost

   Spells                             Type                      Level
   a - Freeze                         Ice                          1
   b - Throw Frost                    Conjuration/Ice              2
   c - Ozocubu's Armour               Charms/Ice                   3
   d - Throw Icicle                   Conjuration/Ice              4
   e - Summon Ice Beast               Ice/Summoning                4
 J - a book of Minor Magic

   Spells                             Type                      Level
   a - Magic Dart                     Conjuration                  1
   b - Blink                          Translocation                2
   c - Call Imp                       Summoning                    2
   d - Slow                           Hexes                        2
   e - Conjure Flame                  Conjuration/Fire             3
   f - Mephitic Cloud                 Conjuration/Poison/Air       3
 R - a book of Debilitation

   Spells                             Type                      Level
   a - Corona                         Hexes                        1
   b - Slow                           Hexes                        2
   c - Inner Flame                    Hexes/Fire                   3
   d - Portal Projectile              Hexes/Translocation          3
   e - Cause Fear                     Hexes                        4
   f - Leda's Liquefaction            Hexes/Earth                  4
Comestibles
 f - 5 bread rations
 p - 5 meat rations
 w - 6 royal jellies


   Skills:
 + Level 8.3 Fighting
 + Level 13.4 Long Blades
 + Level 9.0 Armour
 + Level 3.8 Dodging
 + Level 10.0 Shields
 + Level 0.2 Invocations


You had 10 spell levels left.
You didn't know any spells.

Dungeon Overview and Level Annotations

Branches:
Dungeon (9/15)             Temple (1/1) D:4
   Lair: D:8-11         Orc: D:9-12

Altars:
Ashenzari
Cheibriados
Elyvilon
Fedhas
Makhleb
Okawaru
Ru
Vehumet
Xom
Yredelemnul
Zin
The Shining One

Shops:
D:5 (!   D:8 *


Innate Abilities, Weirdness & Mutations

You reflexively headbutt those who attack you in melee.
You have a pair of horns on your head.
You have a beak for a mouth.
You have sharp toenails.
You are partially covered in yellow scales. (AC +2)
You are frail. (-10% HP)
You expend magic power (3 MP) to strengthen your wands.


Message History

You open the door.
The orc knight roars a battlecry!
The orcs go into a battle-frenzy!
The orc knight roars a battlecry!
The orc knight goes into a battle-frenzy!
There is an open door here.
The orc knight hits you from afar with a halberd!
You block the orc knight's attack.
The orc knight hits you but does no damage.
The orc knight hits you but does no damage.
You block the orc knight's attack. You block the orc knight's attack.
The orc warrior hits you from afar with a glaive!
You block the orc warrior's attack. You block the orc knight's attack.
You block the orc knight's attack. You block the orc warrior's attack.
You block the orc knight's attack.
The orc knight hits you from afar with a halberd.
* * * LOW HITPOINT WARNING * * *
The orc warrior hits you from afar with a glaive!!
You die...

≈.#########'###'#############.≈.#
≈.##.....##........§##.. ##.≈.#
≈..##...##..§≈≈≈≈≈≈§§#'. ##..≈.#
≈≈.)##.##..≈≈.....§§..## ##..≈≈.#
.≈≈..#'#..≈§..⌠⌠⌠..§§§.# #..≈≈.##
.≈≈..#'#..≈§§§.⌠o.o≈≈..# #..≈≈.∩#
≈≈..##.##.§§≈§.ooo≈≈..# ##..≈≈.#
≈).##...#'.)≈≈§≈≈≈§..# ##..≈.#
≈.##....)##..§..@...# $$.##.≈.#
≈.#############'##### #####.≈.#
≈.....)..).##..[..# #####..≈.#
≈≈≈≈≈≈≈≈≈≈..##.}[#######≈≈≈≈≈≈≈.#
.........≈≈).##.##)..##.........#
########..≈≈..###))≈..##.########
##..≈≈...))≈≈...##...####
##..≈≈≈≈≈≈≈..#######..∩##
##.........## ####∩#


You could see 3 orc knights and 2 orc warriors.

Vanquished Creatures
  The ghost of Deathclocker the Carver, a novice MiFi of Okawaru (D:8)
  The ghost of Deathclocker the Carver, a novice MiFi of Okawaru (Bailey)
  2 hippogriffs (D:7)
  Sigmund (D:5)
  10 yaks
  A human (D:7)
  3 hogs (D:7)
  A water moccasin (D:5)
  A hornet zombie (D:8)
  An ice beast (D:5)
  2 sky beasts
  5 orc warriors
  2 phantoms
  An eye of draining (D:8)
  3 centaurs
  7 ogres
  The ghost of JarielCorvus the Magician, an amateur DEWz (D:3)
  2 big kobolds
  4 bullfrogs
  4 scorpions
  2 wyvern skeletons
  4 killer bees (D:8)
  A howler monkey (D:6)
  3 crimson imps
  4 hounds
  2 jellies
  8 orc priests
  2 bullfrog skeletons
  A gnoll shaman (D:9)
  3 centaur skeletons
  2 iguanas
  5 orc wizards
  4 worker ants
  A killer bee zombie (D:8)
  A hound skeleton (D:7)
  A worker ant zombie (D:5)
  Robin (D:3)
  10 gnolls
  11 adders
  2 shadow imps
  An ooze (D:1)
  2 adder zombies
  An adder skeleton (D:4)
  2 worms
  2 dart slugs
  3 leopard geckos
  40 orcs
  4 ball pythons
  5 giant cockroaches
  13 goblins
  3 hobgoblins
  4 jackals (D:5)
  23 kobolds
  2 quokkas (D:8)
  5 bats
  3 frilled lizards
  2 jackal zombies
  2 leopard gecko zombies
  4 rats
242 creatures vanquished.

Notes
Turn   | Place    | Note
-------+----------+-------------------------------------------
     0 | D:1      | Deathclocker the Minotaur Fighter began the quest for the Orb.
     0 | D:1      | Reached XP level 1. HP: 19/19 MP: 0/0
    98 | D:1      | Reached XP level 2. HP: 17/27 MP: 1/1
   561 | D:1      | Reached XP level 3. HP: 33/33 MP: 2/2
  1085 | D:2      | Reached skill level 3 in Long Blades
  1140 | D:2      | Reached XP level 4. HP: 40/40 MP: 3/3
  1274 | D:2      | Reached skill level 1 in Dodging
  1502 | D:3      | Noticed JarielCorvus's ghost (amateur DEWz)
  1514 | D:3      | Killed JarielCorvus's ghost
  1514 | D:3      | Reached XP level 5. HP: 21/46 MP: 4/4
  1683 | D:3      | Reached skill level 5 in Shields
  1803 | D:3      | Noticed Robin
  1816 | D:3      | Killed Robin
  1846 | D:3      | Reached skill level 4 in Long Blades
  1846 | D:3      | Reached skill level 5 in Armour
  1930 | D:3      | Found a radiant altar of Vehumet.
  2253 | D:4      | Reached XP level 6. HP: 52/53 MP: 5/5
  2322 | D:4      | Reached skill level 5 in Long Blades
  2359 | D:4      | Found a staircase to the Ecumenical Temple.
  2365 | Temple   | Entered the Ecumenical Temple
  2437 | Temple   | Became a worshipper of Warmaster Okawaru
  2575 | D:4      | Found a white marble altar of Elyvilon.
  2590 | D:4      | Reached skill level 6 in Long Blades
  2590 | D:4      | Reached XP level 7. HP: 49/60 MP: 6/6
  2614 | D:4      | Reached skill level 5 in Fighting
  3065 | D:5      | Entered Level 5 of the Dungeon
  3095 | D:5      | Reached * piety under Okawaru
  3095 | D:5      | Reached skill level 7 in Long Blades
  3242 | D:5      | Reached XP level 8. HP: 65/68 MP: 7/7
  3243 | D:5      | Noticed Sigmund
  3258 | D:5      | Killed Sigmund
  3258 | D:5      | Reached ** piety under Okawaru
  3258 | D:5      | Reached skill level 8 in Long Blades
  3370 | D:5      | Found Tuiwi's Distillery.
  3377 | D:5      | Bought a potion of mutation for 96 gold pieces
  3377 | D:5      | Gained mutation: You are covered in fur. (AC +1) [potion of mutation]
  3377 | D:5      | Gained mutation: Your muscles are strong. (Str +2) [potion of mutation]
  3377 | D:5      | Gained mutation: You have an increased reservoir of magic. (+10% MP) [potion of mutation]
  3378 | D:5      | Lost mutation: You are covered in fur. (AC +1) [potion of mutation]
  3378 | D:5      | Lost mutation: Your muscles are strong. (Str +2) [potion of mutation]
  3378 | D:5      | Lost mutation: You have an increased reservoir of magic. (+10% MP) [potion of mutation]
  3378 | D:5      | Gained mutation: Armour fits poorly on your strangely shaped body. [potion of mutation]
  3378 | D:5      | Gained mutation: You have a beak for a mouth. [potion of mutation]
  3379 | D:5      | Lost mutation: Armour fits poorly on your strangely shaped body. [potion of mutation]
  3379 | D:5      | Gained mutation: You have sharp toenails. [potion of mutation]
  3379 | D:5      | Gained mutation: Your flesh is heat resistant. (rF+) [potion of mutation]
  3421 | D:5      | Lost mutation: Your flesh is heat resistant. (rF+) [mutagenic meat]
  3481 | D:5      | Reached skill level 9 in Long Blades
  3530 | D:5      | Found Foskyrhi's Weapon Emporium.
  4248 | D:6      | Reached *** piety under Okawaru
  4248 | D:6      | Reached XP level 9. HP: 56/75 MP: 8/8
  4325 | D:6      | Reached skill level 10 in Long Blades
  5062 | D:7      | Reached **** piety under Okawaru
  5062 | D:7      | Reached skill level 11 in Long Blades
  5239 | D:7      | Reached XP level 10. HP: 66/86 MP: 9/9
  5576 | D:8      | Found a basalt altar of Yredelemnul.
  5625 | D:8      | Noticed Deathclocker's ghost (novice MiFi)
  5656 | D:8      | Killed Deathclocker's ghost
  5656 | D:8      | Reached ***** piety under Okawaru
  5656 | D:8      | Reached skill level 12 in Long Blades
  5721 | D:8      | Found Dumor's Assorted Antiques.
  5749 | D:8      | Gained mutation: You are frail. (-10% HP) [mutagenic meat]
  5750 | D:8      | Gained mutation: You expend magic power (3 MP) to strengthen your wands. [mutagenic meat]
  5751 | D:8      | Gained mutation: You are partially covered in yellow scales. (AC +2) [mutagenic meat]
  6151 | D:9      | Reached skill level 13 in Long Blades
  6371 | D:9      | Found a flagged portal.
  6383 | Bailey   | Entered a bailey
  6398 | Bailey   | Noticed Deathclocker's ghost (novice MiFi)
  6418 | Bailey   | Killed Deathclocker's ghost
  6615 | Bailey   | Noticed an orc knight
  6615 | Bailey   | Noticed an orc knight
  6616 | Bailey   | Noticed an orc knight
  6626 | Bailey   | Reached XP level 11. HP: 65/84 MP: 10/10
  6722 | Bailey   | Got a pair of slimy boots
  6725 | Bailey   | Reached skill level 10 in Shields
  6744 | Bailey   | Identified the cursed +0 pair of boots of the Hidden Vale {Dex+4} (You found it in a bailey)
  6761 | Bailey   | Slain by an orc warrior

Skill      XL: |  1  2  3  4  5  6  7  8  9 10 11 |
---------------+----------------------------------+-----
Fighting       | 4 5 7 8 |  8.3
Armour         | 4 5 6 7 9 |  9.0
Shields        | 4 5 6 7 8 9 10 | 10.0
Long Blades    | 3 4 6 7 9 11 13 | 13.4
Dodging        | 1 2 3 |  3.8
Invocations    | |  0.2

Action                   |  1- 3 |  4- 6 |  7- 9 | 10-12 || total
-------------------------+-------+-------+-------+-------++-------
Melee: Long sword        |    69 |    31 |       |       ||   100
       Headbutt          |    15 |    30 |    75 |    87 ||   207
       Scimitar          |       |    79 |   247 |   271 ||   597
       Peck              |       |       |    44 |    67 ||   111
       Kick              |       |       |    16 |       ||    16
Invok: Heroism           |       |       |       |     2 ||     2
  Use: Scroll            |       |       |     3 |       ||     3
       Potion            |       |       |     3 |       ||     3
  Eat: Chunk             |     1 |     4 |    11 |     8 ||    24
       Fruit             |       |       |       |     1 ||     1
Armor: Scale mail        |    36 |    35 |    49 |       ||   120
       Plate armour      |       |       |    65 |   112 ||   177
Dodge: Dodged            |    22 |    26 |    69 |    76 ||   193
Block: Shield            |    54 |    51 |   117 |   198 ||   420
       Rpst.: Long sword |     4 |     1 |       |       ||     5
       Scimitar          |       |     9 |    22 |    10 ||    41
